 Dungeon Crawl Stone Soup version 0.32-a0-42-ga30500b4d3 (webtiles) character file.

Game seed: 766872056884668990

581 anacleto the Changeling (level 7, 0/66 HPs)
             Began as a Troll Shapeshifter on Jan 28, 2024.
             Shot with an arrow by a centaur (6 damage)
             ... on level 5 of the Dungeon.
             The game lasted 00:08:15 (3662 turns).

anacleto the Changeling (Troll Shapeshifter)        Turns: 3662, Time: 00:08:16

Health: 0/66       AC:  4    Str: 25    XL:     7   Next: 13%
Magic:  6/6        EV: 10    Int:  6    God:
Gold:   362        SH:  0    Dex:  9    Spells: 6/6 levels left

rFire   . .          .
                       - Unarmed
rCold   + . .        (no shield)
rNeg    . . .        a - +0 animal skin
rPois   .            (helmet currently unavailable)
rElec   .            (cloak currently unavailable)
rCorr   .            (gloves unavailable)
SInv    .            (boots unavailable)
Will    +....        (no amulet)
Stlth   +            r - ring of willpower
HPRegen 1.11/turn    p - ring of protection from cold
MPRegen 0.10/turn

%: no passive effects
@: brilliant, on fire, beast-form, glowing
A: beast (slay +3), large, unfitting armour, claws 3, regeneration 1, shaggy fur
1, tough skin 1
a: Begin Untransformation


You were on level 5 of the Dungeon.
You were a hulking beast.
You visited 1 branch of the dungeon, and saw 5 of its levels.

You collected 362 gold pieces.

Inventory:

Missiles
 g - 11 boomerangs
 m - 6 poisoned darts (quivered)
Armour
 a - a +0 animal skin (worn)
Jewellery
 p - a ring of protection from cold (right claw)
 r - a ring of willpower (left claw)
Talismans
 c - a beast talisman
 d - a flux talisman
Wands
 q - a wand of charming (13)
Scrolls
 f - a scroll of blinking {unknown}
 i - 2 scrolls of enchant armour {unknown}
 j - 2 scrolls of teleportation {unknown}
 k - a scroll of summoning {unknown}
 n - 4 scrolls of identify {unknown}
Potions
 b - a potion of degeneration {unknown}
 e - a potion of might {unknown}
 h - a potion of enlightenment {unknown}
 l - 4 potions of invisibility {unknown}
 o - 2 potions of brilliance


   Skills:
 - Level 2.5 Fighting
 - Level 2.1 Throwing
 - Level 3.0 Dodging
 - Level 4.2 Unarmed Combat
 * Level 5.2 Shapeshifting


You had 6 spell levels left.
You didn't know any spells.
Your spell library contained the following spells:

 Spells                   Type           Power      Damage    Failure   Level
 Magic Dart               Conj           0%         1d3       45%         1
 Blink                    Tloc           0%         N/A       58%         2
 Call Imp                 Summ           0%         N/A       58%         2
 Summon Ice Beast         Ice/Summ       0%         N/A       83%         3
 Summon Mana Viper        Hex/Summ       0%         N/A       100%        5
 Monstrous Menagerie      Summ           0%         N/A       100%        7


Dungeon Overview and Level Annotations

Branches:
Dungeon (5/15)
 Temple: D:4-7

Altars:
Elyvilon
Makhleb
Okawaru
Ru
Sif Muna
Wu Jian
Xom
Zin

Shops:
D:2 [

Annotations:
D:3 2 transporters, Azoth's ghost, amateur DEHu


Innate Abilities, Weirdness & Mutations

You are a hulking beast.
Your limbs bulge with bestial killing power. (Slay +3)
You are too large for most types of armour.
You have claws for hands.
Your natural rate of healing is unusually fast.
You are covered in fur. (AC +1)
You have tough skin. (AC +1)


Message History

The centaur shoots an arrow.
The arrow hits you!
The bombardier beetle barely misses you.
You completely miss the bombardier beetle.
The bombardier beetle is lightly wounded.
The centaur shoots an arrow.
The arrow hits you.
You claw the bombardier beetle!
The bombardier beetle is severely wounded.
The centaur shoots an arrow.
The arrow hits you!
The bombardier beetle sprays incendiary fluid at you.
The burning spray hits you.
You are covered in liquid fire!
You claw the bombardier beetle!
You kill the bombardier beetle!
The liquid fire burns you!
The centaur shoots an arrow.
The arrow hits you but does no damage.
Okay, then.
Okay, then.
Okay, then.
Throw: 8 darts (poison)
Press: ? - help, Q - select action, (/) - cycle Shift-Dir - straight line, f - centaur
Aim: a centaur, wielding a +0 shortbow (69% to hit)
You throw a poisoned dart. The poisoned dart hits the centaur.
The liquid fire burns you!
Throw: 7 darts (poison)
Press: ? - help, Q - select action, (/) - cycle Shift-Dir - straight line, f/p - centaur
Aim: a centaur, wielding a +0 shortbow (69% to hit)
You throw a poisoned dart.
The poisoned dart barely misses the centaur.
The liquid fire burns you!
You shake off some of the fire as you move.
The liquid fire burns you!
The centaur shoots an arrow.
The arrow barely misses you.
The centaur shoots an arrow.
The arrow hits you!
* * * LOW HITPOINT WARNING * * *
It was a potion of brilliance.
You feel clever all of a sudden. The liquid fire burns you!
* * * LOW HITPOINT WARNING * * *
The centaur shoots an arrow.
The arrow hits you.
You die...

#.... ##+## #....
..(.########....
....#....>.#....
.(..#.###..#....
....#.###.......
##c...#.##....####
#.....#.##....#
########h....#.##....#
.............#.##....#
.#######.....#.##....#
#.....#.......#
##.....#.......#
#......#.......#
###.....##+##....#
#............#'###
#.####............#.#
###


You could see a centaur.

Vanquished Creatures
  2 scorpions
  A howler monkey (D:5)
  3 bombardier beetles
  2 jellies (D:4)
  Ijyb (D:4)
  A gnoll bouda (D:4)
  Terence (D:3)
  3 gnolls
  6 adders
  A white imp (D:5)
  2 dart slugs
  A ribbon worm (D:3)
  3 orcs
  8 ball pythons
  8 endoplasms
  7 goblins
  8 hobgoblins
  4 jackals (D:1)
  A quokka (D:3)
  5 bats
  5 frilled lizards
  10 kobolds
  6 rats
89 creatures vanquished.

Vanquished Creatures (collateral kills)
  A gnoll (D:4)
1 creature vanquished.

Grand Total: 90 creatures vanquished

Notes
Turn   | Place    | Note
-------+----------+-------------------------------------------
     0 | D:1      | anacleto the Troll Shapeshifter began the quest for the
                  | Orb.
     0 | D:1      | Reached XP level 1. HP: 18/18 MP: 0/0
    53 | D:1      | Reached skill level 1 in Fighting
    86 | D:1      | Reached XP level 2. HP: 23/27 MP: 1/1
   400 | D:1      | Reached XP level 3. HP: 33/33 MP: 2/2
  1342 | D:2      | Found Touf Bor's Armour Shoppe.
  1613 | D:3      | Reached XP level 4. HP: 41/41 MP: 3/3
  1614 | D:3      | Found an iron altar of Okawaru.
  1615 | D:3      | Found a shimmering blue altar of Sif Muna.
  1616 | D:3      | Found an ornate altar of the Wu Jian Council.
  1620 | D:3      | Found a glowing silver altar of Zin.
  1620 | D:3      | Found a white marble altar of Elyvilon.
  1621 | D:3      | Found a burning altar of Makhleb.
  1747 | D:3      | Reached skill level 4 in Shapeshifting
  1753 | D:3      | Noticed Terence
  1777 | D:3      | Killed Terence
  1778 | D:3      | Reached XP level 5. HP: 36/49 MP: 4/4
  1830 | D:3      | Found a transporter.
  1832 | D:3      | Noticed an ogre
  1832 | D:3      | Noticed Azoth's ghost (amateur DEHu)
  1834 | D:3      | Noticed an ogre
  1933 | D:3      | Found a sacrificial altar of Ru.
  2197 | D:3      | Reached skill level 1 in Throwing
  2298 | D:3      | Found a transporter.
  2573 | D:4      | Noticed Ijyb
  2586 | D:4      | Killed Ijyb
  2767 | D:4      | Found a shimmering altar of Xom.
  2775 | D:4      | Reached XP level 6. HP: 54/57 MP: 5/5
  3178 | D:5      | Entered Level 5 of the Dungeon
  3386 | D:5      | Reached skill level 5 in Shapeshifting
  3626 | D:5      | Reached XP level 7. HP: 64/66 MP: 6/6
  3662 | D:5      | Shot with an arrow by a centaur

Illustrated notes

Levels and vault maps discovered:
D:1:      lightli_arrival_boilingwater, layout_loops_corners
D:2:      layout_basic, serial_shops, nicolae_shop_hallway_stairs
D:3:      layout_basic, grunt_temple_overflow_open,
          mainiacjoe_overflow_brackets, gammafunk_ghost_smash, minivault_27,
          dreamdust_wishing_well, minmay_starry_boxes, uniq_terence
D:4:      layout_basic, dk_xom_monty_hall, uniq_ijyb
D:5:      nicolae_cairo_tiling_large_dashed, layout_basic

Skill      XL: |  1  2  3  4  5  6 |
---------------+-------------------+-----
Fighting       | 1 2 |  2.5
Dodging        | 2 3 |  3.0
Shapeshifting  | 4 5 |  5.2
Throwing       | 1 2 |  2.1
Unarmed Combat | 4 |  4.2

Action                     |  1- 3 |  4- 6 |  7- 9 || total
---------------------------+-------+-------+-------++-------
  Melee: Unarmed           |    88 |   112 |     5 ||   205
         Punch             |     1 |     2 |       ||     3
  Throw: Boomerang         |     1 |    25 |       ||    26
         Dart              |       |     7 |     2 ||     9
  Evoke: Wand              |       |     2 |       ||     2
    Use: Potion            |       |     1 |     1 ||     2
 Armour: Animal skin       |    57 |    52 |     8 ||   117
         Skin              |       |    35 |       ||    35
  Dodge: Dodged            |    31 |    46 |     4 ||    81

Table legend: (Time is in decaauts)
 A = Elapsed time spent in this place.
 B = Non-inter-level travel time spent in this place.
 C = Inter-level travel time spent in this place.
 D = Time resting spent in this place.
 E = Time spent auto-exploring this place.
 F = Levels seen in this place.
 G = Mean time per level.
                   A        B        C        D        E       F      G
               +--------+--------+--------+--------+--------+-----+--------+
         Total |   3654 |   3544 |    110 |     68 |   2735 |   5 |  730.8 |
       Dungeon |   3654 |   3544 |    110 |     68 |   2735 |   5 |  730.8 |
               +--------+--------+--------+--------+--------+-----+--------+

Top non-repeatable levels by time:
     D:1: 863 daAuts
     D:3: 799 daAuts
     D:4: 767 daAuts
     D:2: 742 daAuts
     D:5: 481 daAuts
